 Dungeon Crawl Stone Soup version 0.26-a0-812-g31a745ddcd (webtiles) character file.

Game seed: 3307497240571258699

451 Dracia the Insei (level 6, -4/47 HPs)
             Began as a Draconian Transmuter on Dec 1, 2020.
             Slain by Maggie
             ... wielding a +0 broad axe
              (8 damage)
             ... on level 6 of the Dungeon.
             The game lasted 00:09:01 (3939 turns).

Dracia the Insei (Draconian Transmuter)             Turns: 3939, Time: 00:09:02

Health: -4/47      AC:  9    Str: 12    XL:     6   Next: 75%
Magic:  9/9        EV: 12    Int: 14    God:
Gold:   176        SH:  0    Dex: 13    Spells: 3/9 levels left

rFire    . . .     SeeInvis .     - Unarmed
rCold    . . .     Faith    .   (no shield)
rNeg     . . .     Spirit   .   (armour unavailable)
rPois    .         Reflect  .   (helmet restricted)
rElec    .         Harm     .   b - +1 cloak
rCorr    .         Rampage  .   k - +0 pair of gloves
MR       .....                  (no boots)
Stlth    +.........             (no amulet)
HPRegen  0.15/turn              (no ring)
MPRegen  0.11/turn              (no ring)

@: mesmerised
A: unfitting armour, cold-blooded, AC +6
a: no special abilities


You were on level 6 of the Dungeon.
You visited 1 branch of the dungeon, and saw 5 of its levels.

You collected 176 gold pieces.


Innate Abilities, Weirdness & Mutations

Your plain brown scales are hard. (AC +6)
You cannot fit into any form of body armour.
You are cold-blooded and may be slowed by cold attacks.


   Skills:
 - Level 1.1 Fighting
 - Level 1.7 Dodging
 - Level 7.0 Unarmed Combat
 - Level 2.0 Spellcasting
 * Level 3.3 Transmutations
 + Level 1.4 Poison Magic


You had 3 spell levels left.
You knew the following spells:

 Your Spells              Type           Power        Failure   Level
a - Beastly Appendage     Tmut           ##....       6%          1
b - Wereblood             Tmut           ##......     10%         2
c - Spider Form           Tmut/Pois      #.........   26%         3

Your spell library contained the following spells:

 Spells                   Type           Power        Failure   Level
 Ice Form                 Ice/Tmut       #.......     77%         4
 Blade Hands              Tmut           ##........   86%         5

Inventory:

Armour
 b - a +1 cloak (worn)
 k - a +0 pair of gloves (worn)
Jewellery
 e - an uncursed amulet of inaccuracy
Wands
 h - a wand of random effects (16)
Scrolls
 a - 4 scrolls of remove curse {@r2}
 c - a scroll of fear
 d - 4 scrolls of teleportation {@r4}
 f - a scroll of amnesia {unknown}
 g - a scroll of magic mapping
 i - a scroll of identify {@r1}
 j - a scroll of acquirement {unknown}

Dungeon Overview and Level Annotations

Branches:
Dungeon (4/15)
 Temple: D:4-7

Altars:

Annotations:
D:6 Maggie

#.......# ########
#.......# #.....<#
#.......# ####.######
#.......# #....# #
#.......# #....#
#.#.......#
#....######.#.........#
#.[..'@@....####......#
#.#....#########.........
#.#....# #.......#.
#.#....# #.......#.
#.#....# #.......##
#.#....# #.......#
#.#....# #.......##
#.#....# #.........
######'#....# #......(..


You could see Maggie (mesmerising).


Message History

Maggie is moderately wounded.
Maggie casts a spell.
Maggie draws you further into her thrall.
You barely miss Maggie. Your kick misses Maggie.
You headbutt Maggie, but do no damage.
Maggie is moderately wounded.
Maggie casts a spell.
Maggie draws you further into her thrall.
You hit Maggie. Your kick misses Maggie. You headbutt Maggie, but do no damage.
Maggie is heavily wounded.
Your horns disappear.
Your talons disappear.
Maggie barely misses you.
You barely miss Maggie. You tail-slap Maggie.
Maggie is heavily wounded.
You hit Maggie but do no damage.
Your tail-slap misses Maggie.
Maggie is heavily wounded.
Maggie gestures at you while chanting. The bolt of fire hits you!
* * * LOW HITPOINT WARNING * * *
Unknown command.
You cannot move away from Maggie!
Unknown command.
You cannot move away from Maggie!
You cannot move away from Maggie!
You cannot move away from Maggie!
Unknown command.
You barely miss Maggie.
Maggie is heavily wounded.
Maggie hits you with a +0 broad axe!
You die...

Skill      XL: |  1  2  3  4  5  6 |
---------------+-------------------+-----
Unarmed Combat | 4 5 6 7 |  7.0
Poison Magic   | 1 |  1.4
Transmutations | 3 |  3.3
Fighting       | |  1.1
Dodging        | |  1.7
Spellcasting   | |  2.0

Action                   |  1- 3 |  4- 6 || total
-------------------------+-------+-------++-------
Melee: Unarmed           |    61 |   160 ||   221
       Tailslap          |     7 |    17 ||    24
       Headbutt          |     6 |    16 ||    22
       Kick              |     5 |    26 ||    31
       Punch             |       |     2 ||     2
 Cast: Beastly Appendage |    13 |    24 ||    37
       Wereblood         |       |     5 ||     5
  Use: Scroll            |       |     9 ||     9
       Potion            |       |     1 ||     1
 Stab: Sleeping          |     2 |       ||     2
Armor: Skin              |    23 |    38 ||    61
Dodge: Dodged            |    28 |    68 ||    96

Levels and vault maps discovered:
D:1:      psy_arrival_statuary, layout_basic
D:2:      layout_loops_ring, uniq_natasha
D:3:      layout_loops_ring, minmay_ogre_servants, uniq_terence
D:4:      layout_loops_ring, kennysheep_slug_shrine,
          nicolae_temple_entry_ecumenical
D:6:      layout_basic, serial_shops, nicolae_shop_statue_plus,
          nemelex_spade_bored_becter, uniq_sigmund, uniq_grinder, uniq_maggie

Notes
Turn   | Place    | Note
-------+----------+-------------------------------------------
     0 | D:1      | Dracia the Draconian Transmuter began the quest for the
                  | Orb.
     0 | D:1      | Reached XP level 1. HP: 16/16 MP: 3/3
   743 | D:2      | Reached XP level 2. HP: 20/23 MP: 3/5
   747 | D:2      | Learned a level 2 spell: Wereblood
  1048 | D:2      | Noticed Natasha
  1057 | D:2      | Killed Natasha
  1057 | D:2      | Reached skill level 4 in Unarmed Combat
  1057 | D:2      | Reached XP level 3. HP: 3/28 MP: 3/6
  1758 | D:2      | Noticed Natasha
  1764 | D:2      | Killed Natasha
  1764 | D:2      | Reached skill level 5 in Unarmed Combat
  1764 | D:2      | Reached XP level 4. HP: 32/35 MP: 5/7
  2081 | D:2      | Learned a level 3 spell: Spider Form
  2249 | D:3      | Reached XP level 5. HP: 33/40 MP: 3/8
  2393 | D:3      | Noticed Terence
  2409 | D:3      | Killed Terence
  2409 | D:3      | Reached skill level 6 in Unarmed Combat
  2976 | D:3      | Noticed an ogre
  2992 | D:3      | Killed an ogre
  2992 | D:3      | Reached XP level 6. HP: 35/47 MP: 5/9
  3347 | D:4      | Reached skill level 7 in Unarmed Combat
  3598 | D:4      | You fall into a shaft and drop 2 floors!
  3652 | D:6      | Reached skill level 1 in Poison Magic
  3830 | D:6      | Reached skill level 3 in Transmutations
  3922 | D:6      | Noticed Maggie
  3938 | D:6      | HP: 4/47 [Maggie/bolt of fire (10)]
  3939 | D:6      | Slain by Maggie

Vanquished Creatures
  An ogre (D:3)
  A bullfrog (D:6)
  A scorpion (D:6)
  A hound (D:4)
  Terence (D:3)
  An iguana (D:4)
  Natasha (twice) (D:2)
  6 adders
  3 worms
  2 leopard geckos (D:3)
  4 orcs (D:3)
  4 bats
  3 giant cockroaches
  11 goblins (D:3)
  7 hobgoblins
  2 jackals (D:3)
  5 quokkas (D:3)
  2 ball pythons (D:3)
  3 frilled lizards
  2 kobolds
  7 rats
69 creatures vanquished.

Table legend: (Time is in decaauts)
 A = Elapsed time spent in this place.
 B = Non-inter-level travel time spent in this place.
 C = Inter-level travel time spent in this place.
 D = Time resting spent in this place.
 E = Time spent auto-exploring this place.
 F = Levels seen in this place.
 G = Mean time per level.
                   A        B        C        D        E       F      G
               +--------+--------+--------+--------+--------+-----+--------+
         Total |   3917 |   3850 |     67 |    368 |   3002 |   5 |  783.4 |
       Dungeon |   3917 |   3850 |     67 |    368 |   3002 |   5 |  783.4 |
               +--------+--------+--------+--------+--------+-----+--------+

Top non-repeatable levels by time:
     D:2: 1427 daAuts
     D:3: 1361 daAuts
     D:1: 649 daAuts
     D:6: 336 daAuts
     D:4: 142 daAuts

Table legend:
 A = Non-vault XP
 B = Vault XP
 C = Vault XP percentage of total XP
 D = Non-vault monster count
 E = Vault monster count
 F = Vault count percentage of total count
                 A         B        C        D         E       F
            +---------+---------+-------+---------+---------+-------
      Total |     445 |     200 |  31.0 |      58 |      11 |  15.9
            +---------+---------+-------+---------+---------+-------
        D:1 |       8 |       0 |   0.0 |       5 |       0 |   0.0
        D:2 |      96 |      35 |  26.7 |      16 |       1 |   5.9
        D:3 |     103 |     165 |  61.6 |      33 |      10 |  23.3
        D:4 |      78 |       0 |   0.0 |       2 |       0 |   0.0
        D:6 |     160 |       0 |   0.0 |       2 |       0 |   0.0
            +---------+---------+-------+---------+---------+-------
